 Dungeon Crawl Stone Soup version 0.27-a0-1512-g99fd57b (webtiles) character file.

Game seed: 9385382056932239363

712 HDogLeCool the Cudgeller (level 7, -2/66 HPs)
             Began as a Gargoyle Berserker on July 8, 2021.
             Was a Priest of Trog.
             Slain by Duvessa (8 damage)
             ... on level 4 of the Dungeon.
             The game lasted 00:07:06 (4061 turns).

HDogLeCool the Cudgeller (Gargoyle Berserker)       Turns: 4061, Time: 00:07:07

Health: -2/66      AC: 16    Str: 22    XL:     7   Next: 68%
Magic:  7/7        EV:  6    Int:  8    God:    Trog [***...]
Gold:   121        SH:  3    Dex:  9    Spells: 6/6 levels left

rFire    . . .     SeeInvis .   a - +0 mace
rCold    . . .     Faith    .   q - +0 buckler
rNeg     + . .     Spirit   .   m - +0 plate armour
rPois    ∞         Reflect  .   (no helmet)
rElec    +         Harm     .   (no cloak)
rCorr    .         Rampage  .   (no gloves)
Will     .....                  (no boots)
Stlth    ..........             (no amulet)
HPRegen  0.21/turn              (no ring)
MPRegen  0.10/turn              (no ring)

@: berserking (expiring), lit by a corona, glowing, very quick
A: sickness immunity, AC +4, negative energy resistance 1, electricity
resistance, torment resistance 1, petrification resistance
a: Renounce Religion, Berserk, Trog's Hand


You were on level 4 of the Dungeon.
You worshipped Trog.
Trog was most pleased with you.
You visited 1 branch of the dungeon, and saw 4 of its levels.

You collected 121 gold pieces.

Inventory:

Hand Weapons
 a - a +0 mace (weapon)
Missiles
 p - a throwing net (quivered)
Armour
 b - a +0 animal skin
 f - a +0 ring mail
 m - a +0 plate armour (worn)
 q - a +0 buckler (worn)
Jewellery
 e - a +6 ring of intelligence
Scrolls
 d - a scroll of teleportation {unknown}
 g - 3 scrolls of identify {unknown}
 j - a scroll of fear {unknown}
 k - 2 scrolls of magic mapping {unknown}
 n - a scroll of enchant armour {unknown}
 o - 3 scrolls of noise {unknown}
 r - a scroll of immolation {unknown}
Potions
 c - a potion of mutation {unknown}
 h - 2 potions of haste {unknown}
 i - a potion of lignification {unknown}
 l - a potion of flight {unknown}
 s - a potion of invisibility {unknown}


   Skills:
 + Level 5.1 Fighting
 * Level 6.0 Maces & Flails
 + Level 4.5 Armour
 - Level 3.0 Dodging
 + Level 1.4 Shields


You had 6 spell levels left.
You didn't know any spells.
Your spell library was empty.

Dungeon Overview and Level Annotations

Branches:
Dungeon (4/15)             Temple (0/1) D:4

Altars:
Kikubaaqudgha
Qazlal

Annotations:
D:4 Duvessa


Innate Abilities, Weirdness & Mutations

You are immune to sickness and miasma.
Your stone body is resilient. (AC +4)
You are immune to poison.
You resist negative energy. (rN+)
You are resistant to electric shocks. (rElec)
You are resistant to unholy torment.
You are immune to petrification.


Message History

Dowan is severely wounded.
You hit Duvessa.
Duvessa is lightly wounded.
You thump Dowan!
You kill Dowan!
Trog accepts your kill.
Trog appreciates your killing of a magic user.
Duvessa screams, "No!
How DARE you!"
Duvessa goes berserk!
Duvessa hits you with a +4 short sword.
Your Maces & Flails skill increases to level 6!
You closely miss Duvessa.
Duvessa is lightly wounded.
Duvessa hits you but does no damage.
You closely miss Duvessa.
Duvessa is lightly wounded.
Duvessa hits you but does no damage.
You thump Duvessa!
Duvessa is moderately wounded.
Duvessa hits you with a +4 short sword! x2
Your shield and plate armour prevent you from hitting Duvessa.
Duvessa is moderately wounded.
Duvessa hits you with a +4 short sword.
You closely miss Duvessa.
Duvessa is moderately wounded.
Duvessa hits you with a +4 short sword.
You closely miss Duvessa.
Duvessa is moderately wounded.
Duvessa hits you with a +4 short sword!
* * * LOW HITPOINT WARNING * * *
You hit Duvessa.
Duvessa is heavily wounded.
Duvessa hits you with a +4 short sword!
* * * LOW HITPOINT WARNING * * *
You sock Duvessa!
Duvessa is heavily wounded.
Duvessa hits you but does no damage.
You hit Duvessa.
Duvessa is severely wounded.
Duvessa hits you with a +4 short sword!
You die...

##....####....
##....###..≈.≈
#...[...'...♣.
#.....).'..≈.♣
#.......#..≈≈.
#.......##.... .
#........##... ...
#######...#########
###..#e@..##...#
......)........#
...............#
...............#
...............#
################


You could see Duvessa (berserk).

Vanquished Creatures
  A phantom (D:3)
  Blork the orc (D:4)
  A bullfrog (D:3)
  A scorpion (D:4)
  A wyvern skeleton (D:3)
  A water moccasin skeleton (D:4)
  Dowan (D:4)
  A jelly (D:4)
  An iguana (D:3)
  2 orc wizards (D:4)
  4 gnolls
  5 adders
  3 adder skeletons
  A worm (D:2)
  4 dart slugs
  17 orcs
  5 ball pythons
  3 bats
  8 endoplasms
  3 giant cockroaches
  6 goblins
  4 hobgoblins
  3 jackals (D:3)
  6 kobolds
  4 quokkas
  2 frilled lizards
  A rat (D:1)
90 creatures vanquished.

Notes
Turn   | Place    | Note
-------+----------+-------------------------------------------
     0 | D:1      | HDogLeCool the Gargoyle Berserker began the quest for the
                  | Orb.
     0 | D:1      | Reached XP level 1. HP: 14/14 MP: 1/1
   267 | D:1      | Reached XP level 2. HP: 13/19 MP: 2/2
  1137 | D:2      | Reached XP level 3. HP: 23/23 MP: 3/3
  1303 | D:2      | Found a stormy altar of Qazlal.
  1661 | D:2      | Reached XP level 4. HP: 29/29 MP: 4/4
  1973 | D:3      | Reached ** piety under Trog
  1976 | D:3      | Reached skill level 4 in Maces & Flails
  2134 | D:3      | Reached XP level 5. HP: 31/33 MP: 5/5
  2438 | D:3      | Reached XP level 6. HP: 36/39 MP: 6/6
  2459 | D:3      | Reached skill level 5 in Maces & Flails
  3100 | D:4      | Found an ancient bone altar of Kikubaaqudgha.
  3130 | D:4      | Reached XP level 7. HP: 15/44 MP: 7/7
  3474 | D:4      | Found a staircase to the Ecumenical Temple.
  3564 | D:4      | Reached *** piety under Trog
  3570 | D:4      | Reached skill level 5 in Fighting
  3898 | D:4      | Noticed Blork the orc
  3910 | D:4      | Killed Blork the orc
  3911 | D:4      | Reached skill level 1 in Shields
  4043 | D:4      | Noticed Dowan
  4044 | D:4      | Noticed Duvessa
  4052 | D:4      | Killed Dowan
  4053 | D:4      | Reached skill level 6 in Maces & Flails
  4061 | D:4      | Slain by Duvessa

Illustrated notes

Levels and vault maps discovered:
D:1:      dpeg_arrival_three_same_balls, layout_basic
D:2:      layout_basic, basic_altar
D:3:      layout_basic
D:4:      layout_gridville, lemuel_doored_altar, minmay_temple_entry_slanted,
          kennysheep_generic_room_3, uniq_ijyb, uniq_duvessa, uniq_blork_the_orc

Skill      XL: |  1  2  3  4  5  6  7 |
---------------+----------------------+-----
Dodging        | 2 3 |  3.0
Maces & Flails | 4 5 6 |  6.0
Armour         | 3 4 |  4.5
Fighting       | 4 5 |  5.1
Shields        | 1 |  1.4

Action                   |  1- 3 |  4- 6 |  7- 9 || total
-------------------------+-------+-------+-------++-------
Melee: Mace              |   103 |   124 |    80 ||   307
Invok: Berserk           |     1 |     6 |     4 ||    11
Armor: Animal skin       |    30 |       |       ||    30
       Ring mail         |    27 |    53 |       ||    80
       Plate armour      |       |    12 |    83 ||    95
Dodge: Dodged            |    65 |    74 |    20 ||   159
Block: Buckler           |       |       |     5 ||     5

Table legend: (Time is in decaauts)
 A = Elapsed time spent in this place.
 B = Non-inter-level travel time spent in this place.
 C = Inter-level travel time spent in this place.
 D = Time resting spent in this place.
 E = Time spent auto-exploring this place.
 F = Levels seen in this place.
 G = Mean time per level.
                   A        B        C        D        E       F      G
               +--------+--------+--------+--------+--------+-----+--------+
         Total |   4201 |   4025 |    176 |   1335 |   2013 |   4 | 1050.2 |
       Dungeon |   4201 |   4025 |    176 |   1335 |   2013 |   4 | 1050.2 |
               +--------+--------+--------+--------+--------+-----+--------+

Top non-repeatable levels by time:
     D:4: 1068 daAuts
     D:2: 1067 daAuts
     D:3: 1062 daAuts
     D:1: 1003 daAuts
